[Event "Titled Tuesday Blitz February 01 B 2022"]
[White "Jones, Gawain C B"]
[Black "Novikov, Evgenij"]
[WhiteFideId "409561"]
[BlackFideId "4125380"]
[WhiteElo "2657"]
[BlackElo "2242"]
[Result "1-0"]
[Round "04"]
[TimeControl "180+1"]
[Date "2022.02.01"]
[WhiteClock "0:00:34"]
[BlackClock "0:00:06"]

1. Nf3 d5 2. g3 Nf6 3. Bg2 e6 4. O-O Be7 5. c4 c6 6. b3 O-O 7. Bb2 Nbd7 8. d3 a5 9. Nc3 b6 10. Qc2 Bb7 11. e4 Qb8 12. Rfe1 dxe4 13. dxe4 e5 14. Nh4 Re8 15. Nf5 Bf8 16. Qd2 Nc5 17. Rad1 a4 18. b4 a3 19. bxc5 axb2 20. cxb6 Ba6 21. Qxb2 Bxc4 22. Bf1 Bxf1 23. Rxf1 Ra6 24. Rb1 Bc5 25. b7 g6 26. Ne3 Bd4 27. Nc2 Re7 28. Rfd1 Ra7 29. Nxd4 exd4 30. Rxd4 Raxb7 31. Rb4 Rxb4 32. Qxb4 Qa7 33. Qd6 Ng4 34. Qb8+ Kg7 35. Qxa7 Rxa7 36. Rb6 Ne5 37. f4 Nf3+ 38. Kf2 Nd4 39. Ke3 c5 40. a4 h5 41. e5 h4 42. gxh4 1-0


[Site "https://www.chess.com"]

[Event "Titled Tuesday Blitz February 01 B 2022"]
[White "Kamsky, Gata"]
[Black "Sjugirov, Sanan"]
[WhiteFideId "2000024"]
[BlackFideId "4189302"]
[WhiteElo "2645"]
[BlackElo "2602"]
[Result "1-0"]
[Round "04"]
[TimeControl "180+1"]
[Date "2022.02.01"]
[WhiteClock "0:00:37"]
[BlackClock "0:00:05"]

1. d4 Nf6 2. Nf3 d5 3. Bf4 c5 4. e3 Qb6 5. Nc3 c4 6. Rb1 e6 7. a3 Qa5 8. Qd2 Nc6 9. Be2 Nh5 10. Be5 f6 11. Bg3 Nxg3 12. hxg3 f5 13. Nh4 Ne7 14. g4 g6 15. f4 Bg7 16. Bf3 Qd8 17. g3 Rb8 18. Nd1 b5 19. c3 a5 20. Nf2 Qd6 21. Bg2 b4 22. axb4 axb4 23. Ra1 O-O 24. Nf3 Bd7 25. gxf5 exf5 26. Ne5 Be6 27. O-O Rb7 28. Nh3 Rfb8 29. Ra2 Nc6 30. Ng5 Nxe5 31. dxe5 1-0


[Site "https://www.chess.com"]

[Event "Titled Tuesday Blitz February 01 B 2022"]
[White "Kollars, Dmitrij"]
[Black "Wu, Christopher"]
[WhiteFideId "12909572"]
[BlackFideId "2040875"]
[WhiteElo "2584"]
[BlackElo "2637"]
[Result "1-0"]
[Round "04"]
[TimeControl "180+1"]
[Date "2022.02.01"]
[WhiteClock "0:00:10"]
[BlackClock "0:00:12"]

1. d4 Nf6 2. c4 e6 3. Nf3 d5 4. g3 Be7 5. Bg2 O-O 6. Qc2 a6 7. b3 Nbd7 8. O-O c5 9. Nbd2 b6 10. Bb2 Bb7 11. Rad1 Rc8 12. Qb1 Qc7 13. dxc5 bxc5 14. e3 Rfd8 15. Qa1 Qb8 16. Ne5 Nxe5 17. Bxe5 Qa8 18. Rfe1 Ne8 19. h4 Bf6 20. cxd5 exd5 21. Bxf6 Nxf6 22. Qe5 Re8 23. Qf5 a5 24. Rb1 Qa6 25. Rec1 g6 26. Qf4 Kg7 27. Rc2 Nd7 28. Rbc1 Qf6 29. Qxf6+ Kxf6 30. Nb1 Re6 31. Nc3 Rd6 32. Na4 Ke7 33. Rc3 Rc7 34. Nxc5 Rdc6 35. Na4 Rxc3 36. Rxc3 Rxc3 37. Nxc3 Kd6 38. Kf1 Ne5 39. Ke2 Kc5 40. a3 Nd7 41. Kd2 Ne5 42. Ne2 Nd7 43. Nd4 Nf6 44. Bf3 Nd7 45. Kc3 h6 46. b4+ axb4+ 47. axb4+ Kd6 48. Be2 Ne5 49. Nb5+ Kd7 50. Nd4 f6 51. Kb3 Nc6 52. Nxc6 Bxc6 53. Kc3 Kd6 54. Kd4 g5 55. Bf3 Bb7 56. Be2 gxh4 57. gxh4 Bc8 58. Bd3 Bb7 59. Bc2 Ba6 60. Bb3 Bb7 61. Ba2 Bc6 62. Bb1 Bb7 63. Bd3 Bc6 64. b5 Bb7 65. Be2 Bc8 66. Bf3 Bb7 67. Bg2 Ba8 68. Bh1 Bb7 69. Bf3 Ba8 70. Be2 Bb7 71. Bd1 Ba8 72. Bc2 Bb7 73. Bg6 Bc8 74. Be8 Bb7 75. f3 Ba8 76. Bg6 Bb7 77. Bh7 Bc8 78. Bd3 Bb7 79. e4 dxe4 80. Bxe4 Bc8 81. b6 Be6 82. f4 Bg4 83. Kc4 Be2+ 84. Kb4 Bf1 85. Ka5 Kd7 86. Bd5 Kd6 87. Bb7 Kd7 88. Ba6 Bg2 89. Bb5+ Kc8 90. Ka6 Kb8 91. Bd7 Bf1+ 92. Ka5 Kb7 93. Bf5 Bg2 94. Kb5 Bc6+ 95. Kc5 Bf3 96. Be6 Be2 97. Bd5+ Kb8 98. Kd6 Bd3 99. Ke6 f5 100. Kf6 Be4 101. Be6 Kb7 102. Bxf5 Bd5 103. Be6 Be4 104. f5 Kxb6 105. Kg7 Kc7 106. f6 Kd6 107. Ba2 Bf5 108. f7 1-0


[Site "https://www.chess.com"]

[Event "Titled Tuesday Blitz February 01 B 2022"]
[White "Lenderman, Aleksandr"]
[Black "Paravyan, David"]
[WhiteFideId "2021285"]
[BlackFideId "4194985"]
[WhiteElo "2651"]
[BlackElo "2569"]
[Result "1-0"]
[Round "04"]
[TimeControl "180+1"]
[Date "2022.02.01"]
[WhiteClock "0:01:10"]
[BlackClock "0:00:24"]

1. d4 Nf6 2. c4 g6 3. g3 c6 4. Bg2 d5 5. Nf3 Bg7 6. O-O O-O 7. Qb3 a5 8. Nc3 a4 9. Nxa4 dxc4 10. Qc2 Bf5 11. Qd1 Nbd7 12. Nc3 Qa5 13. Nd2 b5 14. Bxc6 Rab8 15. e4 Bh3 16. e5 b4 17. exf6 Nxf6 18. Nce4 Bxf1 19. Nxf6+ Bxf6 20. Qxf1 c3 21. Nb3 Qb6 22. Bg2 Bxd4 23. Nxd4 Qxd4 24. Be3 Qf6 25. bxc3 bxc3 26. a4 c2 27. Rc1 Qf5 28. a5 Qxa5 29. Rxc2 Rfc8 30. Rxc8+ Rxc8 31. h4 Rd8 32. Bf3 Qf5 33. Kg2 Qd3 34. Qa1 Qd6 35. h5 Qf6 36. Qa5 Qf5 37. Qxd8+ 1-0


[Site "https://www.chess.com"]

[Event "Titled Tuesday Blitz February 01 B 2022"]
[White "Mladenovic, Stefan"]
[Black "Ibarra Jerez, Jose Carlos"]
[WhiteFideId "942227"]
[BlackFideId "2226332"]
[WhiteElo "2355"]
[BlackElo "2626"]
[Result "0-1"]
[Round "04"]
[TimeControl "180+1"]
[Date "2022.02.01"]
[WhiteClock "0:00:01"]
[BlackClock "0:00:19"]

1. d4 Nf6 2. Nf3 g6 3. Bf4 Bg7 4. e3 O-O 5. Be2 d6 6. O-O c5 7. c3 Be6 8. Nbd2 Qb6 9. Ng5 Bd7 10. Nc4 Qc7 11. a4 h6 12. Nf3 Nh5 13. Bg3 Nxg3 14. hxg3 Nc6 15. Re1 d5 16. Na3 cxd4 17. exd4 a6 18. Bd3 e6 19. Qe2 Rab8 20. g4 Qf4 21. Ne5 Nxe5 22. dxe5 Bxa4 23. g3 Qg5 24. f4 Qe7 25. f5 exf5 26. gxf5 Qg5 27. f6 Qxg3+ 28. Kh1 Bxf6 29. exf6 Rfe8 30. Qd2 Qh3+ 31. Kg1 Qg3+ 32. Kh1 Bc6 33. Rxe8+ Rxe8 34. Bf1 Re5 35. Bg2 d4 36. Rd1 Rg5 37. Re1 Bxg2+ 38. Kg1 Bf3+ 39. Kf1 Qg1# 0-1


[Site "https://www.chess.com"]

[Event "Titled Tuesday Blitz February 01 B 2022"]
[White "Moiseenko, Alexander"]
[Black "Sviridov, Valery"]
[WhiteFideId "14102560"]
[BlackFideId "4120680"]
[WhiteElo "2577"]
[BlackElo "2454"]
[Result "0-1"]
[Round "04"]
[TimeControl "180+1"]
[Date "2022.02.01"]
[WhiteClock "0:00:03"]
[BlackClock "0:00:38"]

1. d4 g6 2. e4 Bg7 3. Nc3 d6 4. Be3 a6 5. Qd2 b5 6. a4 b4 7. Nce2 a5 8. c3 bxc3 9. Nxc3 e6 10. Nf3 Bb7 11. Bd3 Nd7 12. O-O Ngf6 13. h3 O-O 14. Bh6 c5 15. Bxg7 Kxg7 16. Rfe1 cxd4 17. Nxd4 Nc5 18. Bc2 Qb6 19. Ndb5 Rad8 20. Qe3 d5 21. exd5 Nxd5 22. Nxd5 Bxd5 23. Rac1 Rc8 24. b4 axb4 25. Qd4+ Kg8 26. Qxb4 Qb7 27. Qg4 Qa8 28. h4 Nd7 29. Qg5 Kg7 30. h5 h6 31. Qg3 g5 32. Nd6 Rc6 33. Be4 Rxc1 34. Rxc1 Bxe4 35. Rc7 Nf6 36. Qe5 Qd5 37. Qxd5 Bxd5 38. a5 Ne4 39. Nc8 Bb7 40. Nb6 Ba6 41. Ra7 Bd3 42. a6 Nc5 43. Nd7 Nxd7 44. Rxd7 Bxa6 0-1


[Site "https://www.chess.com"]

[Event "Titled Tuesday Blitz February 01 B 2022"]
[White "Muradli, Mahammad"]
[Black "LikeWater"]
[WhiteFideId "13409301"]
[WhiteElo "2645"]
[BlackElo "2621"]
[Result "1-0"]
[Round "04"]
[TimeControl "180+1"]
[Date "2022.02.01"]
[WhiteClock "0:00:42"]
[BlackClock "0:00:02"]

1. Nf3 Nf6 2. d4 b6 3. e3 Bb7 4. b3 g6 5. Bb2 Bg7 6. Nbd2 O-O 7. Bd3 c5 8. Qe2 Nd5 9. a3 cxd4 10. Nxd4 Nc7 11. O-O-O e5 12. N4f3 Qe7 13. e4 Nc6 14. Nc4 d5 15. exd5 Nxd5 16. g3 b5 17. Ne3 Nxe3 18. Qxe3 b4 19. a4 Rfe8 20. Rhe1 Rac8 21. Kb1 Kh8 22. h4 f5 23. Bb5 e4 24. Nd4 Red8 25. Bxc6 Bxc6 26. h5 Bd5 27. h6 Bf6 28. Rd2 Kg8 29. Red1 Bf7 30. Nc6 Rxc6 31. Rxd8+ Qxd8 32. Rxd8+ Bxd8 33. Qxa7 Rd6 34. Qc5 Rd1+ 35. Ka2 Rd2 36. Bg7 1-0


[Site "https://www.chess.com"]

[Event "Titled Tuesday Blitz February 01 B 2022"]
[White "Murzin, Volodar"]
[Black "Abdrlauf, Elham"]
[WhiteFideId "44155573"]
[BlackFideId "1533533"]
[WhiteElo "2585"]
[BlackElo "2334"]
[Result "0-1"]
[Round "04"]
[TimeControl "180+1"]
[Date "2022.02.01"]
[WhiteClock "0:00:03"]
[BlackClock "0:00:02"]

1. e4 c6 2. Nf3 d5 3. d3 Qc7 4. Nc3 dxe4 5. dxe4 e5 6. Bc4 b5 7. Bb3 h6 8. a4 b4 9. Ne2 Bc5 10. O-O Nf6 11. Ng3 O-O 12. Nh4 Rd8 13. Qe2 Bg4 14. Qc4 Rd4 15. Qxc5 Na6 16. Qxd4 exd4 17. Nhf5 Bxf5 18. Nxf5 Nc5 19. Bc4 Ncxe4 20. Nxd4 Rd8 21. Nf3 Ng4 22. a5 Qd6 23. Be3 Nxe3 24. fxe3 Qc5 25. Bxf7+ Kxf7 26. Ng5+ Kg8 27. Nxe4 Qxe3+ 28. Nf2 Rd2 29. Rae1 Qc5 30. c3 bxc3 31. bxc3 Qxc3 32. Ne4 Qd4+ 33. Kh1 Ra2 34. Ng3 Qd5 35. Rg1 Qxa5 36. Ne4 Kh7 37. h3 Ra3 38. Rc1 Qd5 39. Nf2 Ra2 40. Rgf1 Qg5 41. Kg1 Qe3 42. Rxc6 Re2 43. Ra6 Re1 44. Ra1 Rxf1+ 45. Kxf1 Qb6 46. Kg1 a5 47. Kf1 a4 48. Nd3 Qf6+ 0-1


[Site "https://www.chess.com"]

[Event "Titled Tuesday Blitz February 01 B 2022"]
[White "Niemann, Hans Moke"]
[Black "Bok, Benjamin"]
[WhiteFideId "2093596"]
[BlackFideId "1017063"]
[WhiteElo "2636"]
[BlackElo "2658"]
[Result "0-1"]
[Round "04"]
[TimeControl "180+1"]
[Date "2022.02.01"]
[WhiteClock "0:00:01"]
[BlackClock "0:00:08"]

1. d4 d5 2. Nc3 Nf6 3. Bf4 c5 4. e4 dxe4 5. dxc5 Qa5 6. Bb5+ Bd7 7. a4 a6 8. Bc4 Qxc5 9. Bb3 e6 10. Nge2 Be7 11. O-O O-O 12. Ng3 Bc6 13. Qe2 Nbd7 14. Rad1 Rfd8 15. Ngxe4 Nxe4 16. Nxe4 Qb4 17. f3 Bxe4 18. fxe4 Nc5 19. Bd2 Qxe4 20. Qf2 Qg6 21. Be3 Nxb3 22. cxb3 h6 23. Qf3 b5 24. Bb6 Re8 25. a5 Rac8 0-1


[Site "https://www.chess.com"]

[Event "Titled Tuesday Blitz February 01 B 2022"]
[White "Postnikov, Daniil"]
[Black "Lysyj, Igor"]
[WhiteFideId "4166329"]
[BlackFideId "4150120"]
[WhiteElo "2261"]
[BlackElo "2611"]
[Result "0-1"]
[Round "04"]
[TimeControl "180+1"]
[Date "2022.02.01"]
[WhiteClock "0:01:37"]
[BlackClock "0:02:13"]

1. e4 e5 2. Nf3 Nc6 3. Nc3 Nf6 4. Bb5 Nd4 5. Bc4 Bc5 6. h3 d6 7. d3 O-O 8. Nxd4 Bxd4 9. Bb3 c6 10. Be3 Bxe3 11. fxe3 a5 12. a4 Nd7 13. d4 Qh4+ 14. Kd2 Qg5 15. Qg4 Qh6 16. Kd3 exd4 0-1


[Site "https://www.chess.com"]

[Event "Titled Tuesday Blitz February 01 B 2022"]
[White "Potapova, Margarita"]
[Black "Shirov, Alexei"]
[WhiteFideId "14126869"]
[BlackFideId "2209390"]
[WhiteElo "2209"]
[BlackElo "2645"]
[Result "0-1"]
[Round "04"]
[TimeControl "180+1"]
[Date "2022.02.01"]
[WhiteClock "0:00:01"]
[BlackClock "0:00:27"]

1. d4 d5 2. c4 c6 3. Nf3 Nf6 4. g3 dxc4 5. Bg2 g6 6. O-O Bg7 7. a4 O-O 8. Na3 Be6 9. Ng5 Qd7 10. Nxe6 Qxe6 11. Qc2 Na6 12. Qxc4 Qxc4 13. Nxc4 Rfd8 14. Rd1 Nd5 15. e4 Ndb4 16. d5 cxd5 17. exd5 Rac8 18. Na5 Nc5 19. Be3 Nc2 20. Bxc5 Nxa1 21. Bxe7 Rd7 22. d6 Bxb2 23. Bxb7 Re8 24. Rb1 Be5 25. Bc6 Rexe7 26. dxe7 Rxe7 27. Bd5 Rd7 28. Be4 Rd4 29. f3 Rxa4 30. Nc6 Bf6 31. Kg2 Ra2+ 32. Kh3 Nc2 33. Rb8+ Kg7 34. Rb7 Ne3 35. Rxa7 Rd2 36. f4 h5 37. Rc7 Ng4 38. Bg2 Nf2# 0-1


[Site "https://www.chess.com"]

[Event "Titled Tuesday Blitz February 01 B 2022"]
[White "Praggnanandhaa R"]
[Black "Hess, Robert"]
[WhiteFideId "25059530"]
[BlackFideId "2022036"]
[WhiteElo "2599"]
[BlackElo "2557"]
[Result "1-0"]
[Round "04"]
[TimeControl "180+1"]
[Date "2022.02.01"]
[WhiteClock "0:00:32"]
[BlackClock "0:00:02"]

1. Nf3 g6 2. e4 Bg7 3. d4 d6 4. Bc4 e6 5. O-O Ne7 6. c3 a6 7. Bb3 Nd7 8. Re1 b6 9. Nbd2 Bb7 10. Nf1 h6 11. h4 c5 12. Ng3 Qc7 13. Bf4 e5 14. Be3 Nf6 15. Bc2 Ng4 16. Bc1 cxd4 17. cxd4 h5 18. Bg5 exd4 19. Rc1 Nc6 20. Bb3 Qd7 21. Bd5 O-O 22. Bxc6 Bxc6 23. Nxd4 Bb7 24. Qd2 Rac8 25. f3 Qa4 26. Ndf5 gxf5 27. Nxf5 Rxc1 28. Rxc1 Be5 29. Be7 Re8 30. Qg5+ Kh7 31. Qxh5+ 1-0


[Site "https://www.chess.com"]

[Event "Titled Tuesday Blitz February 01 B 2022"]
[White "Pranav, V"]
[Black "Papasimakopoulos, Alexandros"]
[WhiteFideId "25060783"]
[BlackFideId "4244125"]
[WhiteElo "2349"]
[BlackElo "2340"]
[Result "1-0"]
[Round "04"]
[TimeControl "180+1"]
[Date "2022.02.01"]
[WhiteClock "0:01:57"]
[BlackClock "0:02:00"]

1. e4 e6 2. d4 d5 3. Nc3 Bb4 4. e5 b6 5. Qg4 Bf8 6. Bg5 Qd7 7. f4 h6 8. Bh4 Ba6 9. Nf3 h5 10. Qh3 Nh6 11. Bxa6 Nxa6 12. O-O Nb4 13. Rac1 c5 14. Bf2 Ng4 15. a3 Nxf2 16. Rxf2 cxd4 17. Nxd4 Bc5 18. Nce2 Nc6 19. c3 g6 20. b4 Bxd4 21. cxd4 O-O-O 22. b5 Kb8 23. bxc6 Qc7 24. Qb3 Rc8 25. a4 Ka8 26. Rf3 Qe7 27. a5 bxa5 28. Qa4 Rc7 29. Qxa5 Rb8 30. Qc5 Qe8 31. Ra3 Rb2 32. Nc3 Qxc6 33. Rxa7+ Kb8 34. Rxc7 Qxc7 35. Qxc7+ Kxc7 36. Na4+ Rc2 37. Rxc2+ 1-0


[Site "https://www.chess.com"]

[Event "Titled Tuesday Blitz February 01 B 2022"]
[White "Romanchuk, Viktor"]
[Black "Nakamura, Hikaru"]
[WhiteFideId "14109271"]
[BlackFideId "2016192"]
[WhiteElo "2242"]
[BlackElo "2850"]
[Result "0-1"]
[Round "04"]
[TimeControl "180+1"]
[Date "2022.02.01"]
[WhiteClock "0:00:17"]
[BlackClock "0:01:41"]

1. d4 g6 2. c4 Bg7 3. Nf3 f5 4. g3 d6 5. Bg2 Nf6 6. b3 O-O 7. Bb2 c6 8. Nbd2 Qa5 9. O-O Nbd7 10. Ng5 Nb8 11. Ngf3 Re8 12. a3 e5 13. b4 Qc7 14. dxe5 dxe5 15. c5 e4 16. Nd4 Be6 17. Nxe6 Rxe6 18. Nc4 Nd5 19. Bxg7 Qxg7 20. f3 Nd7 21. fxe4 fxe4 22. Qc2 Qc3 23. Qxc3 Nxc3 24. e3 Re7 25. Nd6 Ne5 26. Rf2 a5 27. Rc1 axb4 28. axb4 Nd5 29. Rb1 Nd3 30. Re2 Nc3 31. Rbe1 Nxe2+ 32. Rxe2 Ra1+ 33. Bf1 Nxb4 0-1


[Site "https://www.chess.com"]

[Event "Titled Tuesday Blitz February 01 B 2022"]
[White "Sadhwani, Raunak"]
[Black "Nazaretyan, Tigran"]
[WhiteFideId "35093487"]
[BlackFideId "24162345"]
[WhiteElo "2616"]
[BlackElo "2192"]
[Result "0-1"]
[Round "04"]
[TimeControl "180+1"]
[Date "2022.02.01"]
[WhiteClock "0:00:03"]
[BlackClock "0:00:13"]

1. d4 Nf6 2. Nf3 g6 3. Nc3 d5 4. Bf4 Bg7 5. Nb5 Na6 6. e3 O-O 7. Be2 c6 8. Nc3 Bf5 9. O-O Nh5 10. Bg5 h6 11. Bh4 g5 12. Bg3 Nxg3 13. hxg3 Nc7 14. Ne5 f6 15. Nd3 e5 16. dxe5 fxe5 17. e4 Bg6 18. Bh5 Bh7 19. Qe2 d4 20. Na4 b6 21. b3 c5 22. Nab2 Ne8 23. Nc4 Qe7 24. Bxe8 Raxe8 25. g4 b5 26. Nd2 Rc8 27. Nb2 Qe6 28. a4 c4 29. bxc4 bxc4 30. Nbxc4 Rc7 31. a5 Rfc8 32. Ra4 Kh8 33. Rb1 Bg8 34. Na3 Bf8 35. a6 Rc3 36. Nb5 Rxc2 37. Nxa7 Ra8 38. Nb5 Qd7 39. a7 Rc5 40. Qd3 Qxg4 41. Nf3 Qd7 42. Ra6 Bc4 43. Qd2 Rxb5 44. Rxb5 Bxb5 45. Nxe5 Qc7 46. Re6 Bg7 47. Qxd4 Rd8 48. Qe3 Bxe5 49. Rxh6+ Kg8 50. Qxg5+ Bg7 51. Rg6 Rd1# 0-1


[Site "https://www.chess.com"]

[Event "Titled Tuesday Blitz February 01 B 2022"]
[White "Sadovsky, Artem"]
[Black "Holt, Conrad"]
[WhiteFideId "4155840"]
[BlackFideId "2034387"]
[WhiteElo "2369"]
[BlackElo "2586"]
[Result "1/2-1/2"]
[Round "04"]
[TimeControl "180+1"]
[Date "2022.02.01"]
[WhiteClock "0:00:17"]
[BlackClock "0:00:24"]

1. Nf3 d5 2. e3 c5 3. c4 d4 4. b4 Nf6 5. bxc5 Nc6 6. exd4 Nxd4 7. Nc3 e5 8. Be2 Bxc5 9. Nxe5 O-O 10. O-O Re8 11. Nf3 Nxe2+ 12. Nxe2 Qd3 13. Nf4 Qxc4 14. d4 Bd6 15. Ne5 Bxe5 16. dxe5 Rxe5 17. Bb2 Re8 18. Bxf6 Qxf4 19. Bc3 Be6 20. Qd4 Qxd4 21. Bxd4 Red8 22. Rfd1 b5 23. Bxa7 Rxd1+ 24. Rxd1 h6 25. Bd4 Rxa2 26. Ra1 Rd2 27. Bc3 Rc2 28. Bb4 Rc4 29. Bd6 b4 30. f3 b3 31. Rb1 f6 32. Ba3 Rc2 33. Rb2 Rc1+ 34. Kf2 Ra1 35. Bb4 Kf7 36. Ke3 g5 37. Bc3 Rc1 38. Kd3 Bf5+ 39. Kd2 Rg1 40. Rxb3 Rxg2+ 41. Ke3 Rc2 42. Rb7+ Kg6 43. Bd4 Rc8 44. Rb6 Re8+ 45. Kf2 Be6 46. Kg3 h5 47. h4 Kf7 48. Rb7+ Kg6 49. Rb6 Re7 50. Rc6 Kf7 51. Ra6 Rd7 52. Ra7 Rxa7 53. Bxa7 Kg6 54. Be3 Kf5 55. Bd2 Bd5 56. Be3 gxh4+ 57. Kxh4 Bxf3 58. Kg3 Bg4 59. Bh6 Ke4 60. Bd2 Kf5 61. Bh6 Bd1 62. Bd2 Ba4 63. Bc1 Be8 64. Bd2 Ke4 65. Bc1 Kd3 66. Bf4 Ke4 67. Bh6 Bf7 68. Bc1 Kf5 69. Bd2 Bd5 70. Bc1 Bc4 71. Bd2 Be2 72. Bc1 Ke4 73. Bd2 Kd4 74. Bh6 Ke5 75. Bg7 Kf5 76. Bh6 Kg6 77. Bc1 Kf7 78. Bd2 Bd1 79. Bc1 Ke6 80. Bd2 Kf5 81. Bc1 Ke4 82. Bd2 Kd4 83. Bc1 Kd3 84. Bh6 f5 85. Bf4 Bg4 86. Bg5 Ke2 87. Bh6 Kf1 88. Bg5 Kg1 89. Bh6 Kf1 90. Bg5 Ke2 91. Bh6 Kd3 92. Bg5 Ke4 93. Bh6 Ke5 94. Bg5 Ke6 95. Bc1 Kf6 96. Bd2 Be2 97. Bc1 Bc4 98. Bd2 Ke5 99. Bc1 Ke4 100. Bg5 Bf7 101. Bh6 Ke5 102. Bg5 Ke4 103. Bh6 Ke5 104. Bg5 Ke4 1/2-1/2


[Site "https://www.chess.com"]

[Event "Titled Tuesday Blitz February 01 B 2022"]
[White "Salinas Herrera, Pablo"]
[Black "Barp, Alberto"]
[WhiteFideId "3407128"]
[BlackFideId "872555"]
[WhiteElo "2541"]
[BlackElo "2229"]
[Result "1-0"]
[Round "04"]
[TimeControl "180+1"]
[Date "2022.02.01"]
[WhiteClock "0:00:59"]
[BlackClock "0:01:16"]

1. d4 Nf6 2. Bf4 d5 3. e3 c5 4. Nf3 Nc6 5. Nbd2 e6 6. c3 cxd4 7. exd4 Nh5 8. Be3 Bd6 9. g3 f5 10. Ne5 Nf6 11. Ndf3 O-O 12. Bf4 Ne4 13. h4 Ne7 14. Bd3 Qe8 15. Qe2 a6 16. Kf1 b6 17. Kg2 Bb7 18. Qe3 Kh8 19. Ng5 Ng8 20. h5 Nh6 21. f3 Nf6 22. Ng6+ hxg6 23. Bxd6 Nxh5 24. Bxf8 f4 25. Qxe6 fxg3 26. Bd6 1-0


[Site "https://www.chess.com"]

[Event "Titled Tuesday Blitz February 01 B 2022"]
[White "Saveliev, Alexei"]
[Black "Jobava, Baadur"]
[WhiteFideId "24128546"]
[BlackFideId "13601520"]
[WhiteElo "2281"]
[BlackElo "2617"]
[Result "0-1"]
[Round "04"]
[TimeControl "180+1"]
[Date "2022.02.01"]
[WhiteClock "0:00:14"]
[BlackClock "0:01:08"]

1. c4 c6 2. Nc3 d5 3. cxd5 cxd5 4. d4 Nf6 5. Nf3 e6 6. Bf4 Be7 7. e3 Nc6 8. Bd3 Bd7 9. O-O Nh5 10. Bg3 Nxg3 11. hxg3 Rc8 12. e4 dxe4 13. Bxe4 Bf6 14. d5 exd5 15. Nxd5 Be6 16. Nxf6+ Qxf6 17. Qd6 Qe7 18. Bxc6+ bxc6 19. Qxe7+ Kxe7 20. Rfd1 Bd5 21. Rac1 Rhd8 22. Nd4 Kf6 23. Nxc6 Rd7 24. Nb4 Rxc1 25. Rxc1 Be6 26. a3 a5 27. Nc6 a4 28. Rc2 Bb3 29. Re2 Rd1+ 30. Kh2 h5 31. g4 hxg4 32. Kg3 Rd3+ 33. Kxg4 Bd1 0-1


[Site "https://www.chess.com"]

[Event "Titled Tuesday Blitz February 01 B 2022"]
[White "Steinberg, Nitzan"]
[Black "Hua, Lefong"]
[WhiteFideId "2801795"]
[BlackFideId "2602253"]
[WhiteElo "2440"]
[BlackElo "2575"]
[Result "1/2-1/2"]
[Round "04"]
[TimeControl "180+1"]
[Date "2022.02.01"]
[WhiteClock "0:00:08"]
[BlackClock "0:00:32"]

1. c4 Nf6 2. Nc3 g6 3. g3 Bg7 4. Bg2 O-O 5. Nf3 c5 6. d4 d6 7. O-O Nc6 8. d5 Na5 9. Nd2 a6 10. Rb1 e6 11. dxe6 Bxe6 12. b3 Rb8 13. Bb2 b5 14. cxb5 axb5 15. Nde4 Ne8 16. h4 b4 17. Nd5 Nc6 18. Nf4 Qe7 19. Nxc5 dxc5 20. Bxc6 Nd6 21. Bxg7 Kxg7 22. Qc1 Qf6 23. Qxc5 Bf5 24. Rbd1 Rfd8 25. Nd5 Qe5 26. f4 Qb2 27. Qd4+ Qxd4+ 28. Rxd4 Nb5 29. Bxb5 Rxb5 30. Rfd1 Bg4 31. Kf2 Rdb8 32. R1d2 Be6 33. e4 Bxd5 34. Rxd5 R5b7 35. Rd7 Rxd7 36. Rxd7 Ra8 37. Rd2 Kf6 38. Ke3 Ke6 39. g4 h5 40. gxh5 gxh5 41. f5+ Ke5 42. Rd5+ Kf6 43. Rb5 Rxa2 44. Kf4 Rf2+ 45. Kg3 Re2 46. Kf3 Rh2 47. Rxb4 Rh3+ 48. Kg2 Re3 49. Kf2 Rh3 50. Rb7 Rxh4 51. Ke3 Ke5 52. Rb5+ Kf6 53. Kd4 Rh1 54. Rb6+ Kg7 55. Ke5 h4 56. Rc6 h3 57. Rc3 h2 58. Rh3 Rb1 59. Rxh2 Rxb3 60. Rg2+ Kf8 61. Kf4 f6 62. Ra2 Rb1 63. Ra7 Re1 64. Kf3 Ke8 65. Ra4 Kf7 66. Kf2 Rb1 67. Ke3 Rd1 68. Rd4 Re1+ 69. Kd2 Ra1 70. Kc3 Rc1+ 71. Kb4 Ke7 72. Rc4 Rb1+ 73. Kc5 Rd1 74. Rd4 Ra1 75. Kc4 Rc1+ 76. Kd3 Ra1 77. Ke3 Re1+ 78. Kf2 Ra1 79. Rb4 Ra3 80. Rb6 Kf7 81. Re6 Rb3 82. Rd6 Ra3 83. Rd2 Rb3 84. Ke2 Ra3 85. Rd3 Ra2+ 86. Ke3 Ra4 87. Kf4 Ke7 88. Rh3 Kf7 89. Rh7+ Kf8 90. Rc7 Rb4 91. Rc6 Kf7 92. Rc7+ Kf8 93. Rc3 Kf7 94. Re3 Ra4 95. Kg4 Ra1 96. Rg3 Re1 97. Kf4 Rf1+ 98. Rf3 Re1 99. Re3 Rf1+ 100. Kg3 Rg1+ 101. Kf2 Ra1 102. Ke2 Ra4 103. Kd3 Rb4 104. Kc3 Ra4 105. Re1 Ke7 106. Kd3 Kf7 107. Ke3 Ke7 108. Kf4 Kf7 109. Kg4 Ra2 110. Rg1 Re2 111. Kf4 Ke7 1/2-1/2


[Site "https://www.chess.com"]

[Event "Titled Tuesday Blitz February 01 B 2022"]
[White "Stoleriu, George"]
[Black "Xiong, Jeffery"]
[WhiteFideId "1227505"]
[BlackFideId "2047640"]
[WhiteElo "2203"]
[BlackElo "2727"]
[Result "1/2-1/2"]
[Round "04"]
[TimeControl "180+1"]
[Date "2022.02.01"]
[WhiteClock "0:00:16"]
[BlackClock "0:00:55"]

1. e4 c6 2. Nf3 d5 3. exd5 cxd5 4. Ne5 g6 5. Bb5+ Nd7 6. O-O Bg7 7. d4 Nh6 8. Qf3 O-O 9. Bxd7 Bxd7 10. Qxd5 Be6 11. Qxd8 Rfxd8 12. c3 Bxe5 13. Bxh6 Bf6 14. Bf4 b5 15. a3 Bd5 16. Nd2 a5 17. Rfe1 e6 18. Ne4 Bxe4 19. Rxe4 b4 20. axb4 axb4 21. Ree1 Rac8 22. Rac1 Rc4 23. Kf1 g5 24. Bd2 bxc3 25. bxc3 g4 26. Ke2 h5 27. Kd3 Rc5 28. Ke4 Rcd5 29. Bf4 Bg7 30. f3 f5+ 31. Ke3 e5 32. Bxe5 Bxe5 33. dxe5 Rxe5+ 34. Kf4 Rxe1 35. Rxe1 Rd2 36. Kxf5 Rxg2 37. fxg4 hxg4 38. Re4 Kf7 39. Rxg4 Rxh2 40. Re4 Rh5+ 41. Kg4 Rh1 42. c4 Rf1 43. Rf4+ Rxf4+ 44. Kxf4 Ke6 45. Ke4 Kd6 46. Kd4 Kc6 47. c5 Kc7 48. Kd5 Kd7 49. c6+ Kc7 50. Kc5 Kc8 51. Kd6 Kd8 52. Kd5 Kc7 53. Kc5 Kc8 54. Kb4 Kc7 55. Kb5 Kc8 56. Kb6 Kb8 57. c7+ Kc8 58. Kc6 1/2-1/2


[Site "https://www.chess.com"]

[Event "Titled Tuesday Blitz February 01 B 2022"]
[White "Svane, Rasmus"]
[Black "Isajevsky, Anton"]
[WhiteFideId "4657101"]
[BlackFideId "4142500"]
[WhiteElo "2645"]
[BlackElo "2510"]
[Result "1-0"]
[Round "04"]
[TimeControl "180+1"]
[Date "2022.02.01"]
[WhiteClock "0:00:49"]
[BlackClock "0:00:01"]

1. Nf3 c5 2. c4 Nf6 3. Nc3 b6 4. g3 Bb7 5. Bg2 e6 6. O-O Be7 7. d4 cxd4 8. Qxd4 O-O 9. Rd1 d6 10. Bg5 a6 11. Bxf6 gxf6 12. Ne4 Bxe4 13. Qxe4 Ra7 14. b3 Rc7 15. Rd2 Rc5 16. Rad1 Qc7 17. Ne1 Rg5 18. Nd3 Rg7 19. Nf4 Kh8 20. Bh3 Qc6 21. Qe3 Qc5 22. Qf3 Qe5 23. Rd3 Nd7 24. Re3 Qg5 25. Bxe6 Ne5 26. Qg2 fxe6 27. Nxe6 Qg6 28. Nxf8 Bxf8 29. Qa8 Rg8 30. Qe4 f5 31. Qf4 1-0


[Site "https://www.chess.com"]